AoeStats
← Molgrimmarr

MegaRandom

505126878Analyzed
3v3 RM · 25d ago on Sep 8, 2026· 74m 49s· 6 players
Game mode
Random Map
Map size
Normal (6 player)
Population
200
Speed
Normal
Resources
Standard
Victory
Conquest
Starting age
Dark Age
Ending age
Imperial Age
RankedLock teamsTeams togetherTeam positionsShared explorationLock speedFull tech treeHidden civsTurbo modeCheats
Victory
Defeat
🇨🇦 Poles · Canada
984
+17
🇨🇦 Huns · Canada
972
+18
🇨🇦 Vietnamese · Canada
968
+18
🇨🇦 Slavs · Canada
1093
-20
🇨🇦 Vietnamese · Canada
1056
-20
🇨🇦 Cumans · Canada
887
-13
Hayah
10:11 Feudal Age
8:26 Loom
10:42 Double-Bit Axe
10:40 Horse Collar
19:49 Castle Age
18:06 Gold Mining
18:08 Stone Mining
19:36 Wheelbarrow
18:49 Town Watch
20:55 Bow Saw
21:07 Heavy Plow
26:49 Forging
26:35 Fletching
27:56 Bodkin Arrow
28:07 Padded Archer Armor
31:27 Leather Archer Armor
32:30 Ballistics
32:50 Iron Casting
32:16 Scale Mail Armor
33:49 Chatras
35:07 Scale Barding Armor
35:04 Husbandry
35:14 Bloodlines
40:48 Imperial Age
38:13 Gold Mining
40:04 Stone Shaft Mining
39:34 Murder Holes
39:19 Treadmill Crane
41:01 Chain Barding Armor
41:29 Thumb Ring
41:30 Elite Rattan Archer
42:56 Bracer
44:03 Two-Man Saw
44:24 Ring Archer Armor
45:53 Hoardings
46:19 Elite Battle Elephant
48:26 Plate Barding Armor
49:28 Chain Mail Armor
49:59 Crop Rotation
50:31 Chemistry
49:17 Arrowslits
49:38 Siege Engineers
51:43 Elite Fire Lancer
52:09 Arson
52:25 Squires
53:04 Plate Mail Armor
63:01 Pikeman
64:30 Halberdier
64:57 Elite Skirmisher
65:49 Caravan
65:44 Light Cavalry
71:47 Imperial Skirmisher
72:54 Paper Money
72:54 Hand Cart
72:40 Town Patrol
banana
4:41 Loom
10:52 Feudal Age
12:00 Double-Bit Axe
11:58 Horse Collar
12:35 Stone Mining
14:47 Gold Mining
16:28 Wheelbarrow
21:57 Castle Age
21:10 Bloodlines
24:22 Scale Barding Armor
24:28 Forging
25:31 Husbandry
25:47 Fletching
26:34 Heavy Plow
26:25 Light Cavalry
27:57 Iron Casting
29:01 Bow Saw
32:20 Chain Barding Armor
33:44 Bodkin Arrow
36:36 Imperial Age
37:45 Winged Hussar
39:39 Hand Cart
40:27 Blast Furnace
40:36 Scale Mail Armor
41:16 Conscription
47:50 Lechitic Legacy
60:00 Siege Engineers
65:54 Hoardings
65:57 Crop Rotation
jalo117
10:33 Feudal Age
12:21 Double-Bit Axe
12:22 Horse Collar
14:17 Forging
15:07 Loom
20:20 Castle Age
24:29 Wheelbarrow
24:49 Heavy Plow
25:36 Squires
25:22 Arson
25:42 Pikeman
26:17 Elite Skirmisher
27:46 Fletching
28:07 Forging
31:35 Thumb Ring
32:14 Padded Archer Armor
36:02 Bodkin Arrow
38:34 Bow Saw
40:29 Leather Archer Armor
40:50 Iron Casting
45:00 Scale Barding Armor
48:40 Imperial Age
50:07 Halberdier
50:53 Scale Mail Armor
51:33 Imperial Skirmisher
59:45 Bracer
60:46 Blast Furnace
62:29 Parthian Tactics
63:45 Two-Man Saw
62:42 Heavy Cavalry Archer
65:32 Conscription
66:36 Husbandry
66:48 Bloodlines
69:07 Light Cavalry
70:42 Hand Cart
70:12 Town Watch
70:53 Ballistics
71:33 Chemistry
73:10 Marauders
73:32 Atheism
74:36 Elite Tarkan
alex.feldblioum
5:06 Loom
11:27 Feudal Age
17:47 Horse Collar
21:30 Town Watch
22:21 Wheelbarrow
24:45 Castle Age
24:54 Castle Age
25:40 Thumb Ring
26:01 Capped Ram
27:21 Fletching
27:32 Padded Archer Armor
27:39 Scale Barding Armor
27:49 Bloodlines
32:49 Light Cavalry
35:14 Hand Cart
35:00 Town Patrol
35:58 Ballistics
35:34 Murder Holes
39:25 Bodkin Arrow
39:45 Leather Archer Armor
39:51 Chain Barding Armor
39:41 Forging
39:37 Scale Mail Armor
41:39 Heavy Plow
44:19 Imperial Age
45:17 Steppe Husbandry
44:45 Hussar
46:19 Crop Rotation
47:09 Parthian Tactics
46:28 Heavy Cavalry Archer
50:29 Cavalier
51:57 Iron Casting
51:39 Chain Mail Armor
52:32 Paladin
55:13 Blast Furnace
54:48 Plate Barding Armor
59:23 Ring Archer Armor
69:37 Elite Skirmisher
71:35 Conscription
70:37 Elite Kipchak
72:27 Imperial Skirmisher
75:30 Chemistry
74:42 Masonry
Molgrimmarr
7:33 Loom
10:32 Feudal Age
11:00 Double-Bit Axe
14:21 Horse Collar
18:29 Castle Age
18:18 Fletching
18:40 Forging
18:33 Pikeman
20:32 Crossbowman
21:43 Scale Mail Armor
26:03 Padded Archer Armor
26:26 Scale Barding Armor
29:35 Squires
29:22 Arson
34:26 Imperial Age
32:18 Bloodlines
32:51 Bodkin Arrow
33:19 Ballistics
33:26 Husbandry
36:30 Chatras
36:10 Elite Fire Lancer
37:28 Halberdier
41:40 Iron Casting
42:10 Leather Archer Armor
42:20 Chain Mail Armor
43:18 Bow Saw
43:11 Heavy Plow
44:48 Chain Barding Armor
43:52 Elite Battle Elephant
44:34 Elite Skirmisher
45:21 Bracer
45:26 Chatras
47:54 Leather Archer Armor
50:40 Imperial Skirmisher
61:24 Ring Archer Armor
61:33 Plate Barding Armor
69:39 Chemistry
68:21 Elite Fire Lancer
72:25 Wheelbarrow
Target Fixed
5:37 Loom
11:08 Feudal Age
10:33 Loom
12:47 Horse Collar
12:56 Double-Bit Axe
19:28 Castle Age
18:19 Stone Mining
20:54 Bow Saw
20:47 Heavy Plow
22:26 Squires
22:31 Scale Mail Armor
23:20 Wheelbarrow
22:40 Gold Mining
27:13 Hand Cart
29:52 Imperial Age
27:47 Pikeman
28:51 Town Watch
30:12 Gold Shaft Mining
30:38 Padded Archer Armor
30:56 Chain Mail Armor
30:04 Halberdier
33:16 Conscription
34:06 Heavy Scorpion
36:42 Two-Man Saw
36:15 Crop Rotation
35:15 Heavy Scorpion
36:13 Siege Engineers
38:07 Druzhina
40:54 Plate Mail Armor
40:34 Forging
42:08 Ballistics
45:10 Iron Casting
44:35 Padded Archer Armor
44:28 Fletching
47:10 Blast Furnace
65:11 Man-at-Arms
65:22 Man-at-Arms
67:53 Scale Barding Armor
67:17 Long Swordsman
68:12 Elite Boyar
69:17 Chain Barding Armor
69:43 Caravan
70:32 Plate Barding Armor
70:00 Husbandry
69:37 Two-Handed Swordsman
71:10 Light Cavalry
72:03 Bloodlines
Connection lost

Rejoining the realm…

Still unreachable

The connection could not be restored.

Session expired

The server has moved on; the page needs a fresh start.